Map: King Sejong Station LE

Players

Vorsichtig

  • Race: Terran Terran
  • League: Gold
  • Spawn Location: 5:00

Fropez - Winner!

  • Race: Protoss Protoss
  • League: Gold
  • Spawn Location: 11:00

VOD

Have the link to the VOD?

Description

Time

  • Played on: Nov. 10, 2016, 7:07 p.m.
  • Length: 3:45
Show
View Real Time Build Order
Export as new Build Order

Vorsichtig Terran 

Build Orders:  

Get SALT Encoding   

  12  0:02  SCV  
  13  0:14  SCV  
  13  0:19  Supply Depot  
  14  0:26  SCV  
  15  0:40  SCV  
  15  0:42  Barracks  
  16  0:50  Refinery  
  16  0:52  SCV  
  17  1:04  SCV  
  18  1:16  SCV  
  19  1:29  SCV  
  20  1:35  Marine  
  21  1:46  Refinery, Barracks  
  22  1:47  Orbital Command  
  21  2:10  Command Center  
  21  2:12  Barracks Reactor  
  21  2:18  SCV  
  22  2:30  SCV  
  22  2:33  Factory  
  22  2:37  Barracks Reactor  
  22  2:39  Barracks Tech Lab  
  22  2:43  SCV  
  23  2:50  Supply Depot  
  23  3:11  Marine x3  
  23  3:12  SCV  
  27  3:20  Starport  
  27  3:22  Supply Depot  
  27  3:23  Factory Tech Lab  
  27  3:28  SCV  
Show
View Real Time Build Order
Export as new Build Order

Fropez Protoss - Winner!

Build Orders:  

Get SALT Encoding   

  12  0:01  Probe (Chrono Boost)  
  13  0:16  Probe (Chrono Boost)  
  13  0:19  Pylon  
  14  0:27  Probe (Chrono Boost)  
  15  0:37  Gateway  
  15  0:39  Probe (Chrono Boost)  
  16  0:45  Assimilator  
  17  0:50  Probe (Chrono Boost)  
  17  1:13  Gateway  
  17  1:14  Probe (Chrono Boost)  
  18  1:24  Cybernetics Core  
  18  1:25  Probe (Chrono Boost)  
  19  1:35  Pylon, Probe (Chrono Boost)  
  20  1:42  Assimilator  
  20  1:46  Probe (Chrono Boost)  
  21  1:56  Probe (Chrono Boost)  
  21  2:00  Adept x2  
  26  2:05  Warp Gate (Chrono Boost)  
  26  2:07  Probe (Chrono Boost)  
  27  2:27  Adept  
  27  2:28  Adept  
  31  2:33  Pylon  
  31  2:49  Pylon  
  31  3:07  Mothership Core  
  33  3:17  Nexus  
  33  3:20  Gateway  
Tags
 
Add a new tag
Caveats
  • Supply blocks, unpowered buildings, or Contaminate may cause inaccurate times.
  • Supply counts are checked every 10 seconds.